 Dungeon Crawl Stone Soup version 0.30.1-3-gfc49f6343a (webtiles) character file.

Game seed: 8863695505424186931

81074 spardeous the Spear-Bearer (level 14, -7/153 HPs)
             Began as a Demigod Earth Elementalist on July 24, 2023.
             Mangled by an ogre mage
             ... wielding a +0 halberd
              (9 damage)
             ... on level 2 of the Orcish Mines.
             The game lasted 01:14:26 (30397 turns).

spardeous the Spear-Bearer (DgEE)                  Turns: 30397, Time: 01:14:26

Health: -7/153     AC: 33    Str: 19    XL:     14   Next: 85%
Magic:  25/31      EV: 15    Int: 32    God:
Gold:   1089       SH: 18    Dex: 18    Spells: 13/31 levels left

rFire   . . .        a - +8 war axe of the Unliving {freeze, rPois Dex+4}
rCold   . . .        i - +0 tower shield {reflect}
rNeg    + + .        G - melded +0 leather armour
rPois   ∞            M - +2 helmet {Int+3}
rElec   +            h - +0 cloak
rCorr   .            T - melded +0 pair of gloves "Honoami" {rElec rC- Int+7}
SInv    .            C - melded +0 pair of boots
Will    +....        U - amulet of the acrobat
Stlth   ++           X - +6 ring of strength
HPRegen 0.45/turn    I - ring "Uraishray" {rPois rN+ EV+5}
MPRegen 0.22/turn

%: reflection, acrobat
@: statue-form, hasted, studying Polearms, invisible, quick
A: slow and powerful, torment resistance 1, boosted hp, high MP 1, forlorn,
divine attributes
a: End Transformation


You were on level 2 of the Orcish Mines.
You were a living statue of rough stone.
You visited 4 branches of the dungeon, and saw 21 of its levels.
You also visited: Ice Cave.

You collected 2210 gold pieces.
You spent 1121 gold pieces at shops.

Inventory:

Hand Weapons
 a - the +8 war axe of the Unliving (weapon) {freeze, rPois Dex+4}
   (You found it on level 3 of the Lair of Beasts)

   Dex:       It affects your dexterity (+4).
   rPois:     It protects you from poison.
Missiles
 R - 2 throwing nets
Armour
 h - a +0 cloak (worn)
 i - a +0 tower shield of reflection (worn)
 C - a +0 pair of boots (melded)
 G - a +0 leather armour (melded)
 J - a +2 buckler of cold resistance
 M - a +2 helmet of intelligence (worn)
 T - the +0 pair of gloves "Honoami" (melded) {rElec rC- Int+7}
   (You found it on level 5 of the Lair of Beasts)

   Int:       It affects your intelligence (+7).
   rC:        It makes you vulnerable to cold.
   rElec:     It insulates you from electricity.
Magical Staves
 f - a staff of earth
Jewellery
 y - a ring of positive energy
 I - the ring "Uraishray" (right fist) {rPois rN+ EV+5}
   (You found it on level 7 of the Dungeon)

   [ring of evasion]

   EV:        It affects your evasion (+5).
   rPois:     It protects you from poison.
   rN:        It protects you from negative energy.
 L - a ring of resist corrosion
 Q - a ring of wizardry
 U - an amulet of the acrobat (around neck)
 V - a ring of resist corrosion
 X - a +6 ring of strength (left fist)
Wands
 D - a wand of roots (7)
 W - a wand of flame (7)
Scrolls
 c - 3 scrolls of butterflies {unknown}
 d - 5 scrolls of vulnerability
 j - 3 scrolls of magic mapping
 k - 2 scrolls of fog
 l - a scroll of torment
 n - 6 scrolls of poison {unknown}
 o - 3 scrolls of amnesia
 p - 2 scrolls of enchant weapon {unknown}
 u - 2 scrolls of silence
 v - 3 scrolls of enchant armour
 B - 3 scrolls of brand weapon {unknown}
 K - a scroll of teleportation
 O - a scroll of immolation
 P - 5 scrolls of noise
Potions
 b - 2 potions of magic
 e - 4 potions of might
 g - 3 potions of haste
 q - 2 potions of ambrosia
 s - 8 potions of curing {unknown}
 t - 3 potions of brilliance
 w - 3 potions of attraction
 x - 3 potions of berserk rage
 z - 4 potions of degeneration
 E - 4 potions of flight {unknown}
 F - 3 potions of cancellation
 H - 2 potions of lignification
 Z - a potion of invisibility


   Skills:
 - Level 9.2 Fighting
 - Level 7.9(11.4) Axes
 + Level 12.8(13.7) Polearms
 - Level 3.1 Armour
 - Level 1.7 Dodging
 - Level 1.7 Stealth
 - Level 12.0 Shields
 - Level 9.2 Spellcasting
 - Level 0.4 Conjurations
 - Level 1.7 Translocations
 - Level 8.6 Transmutations
 - Level 10.7 Earth Magic


You had 13 spell levels left.
You knew the following spells:

 Your Spells              Type           Power      Damage    Failure   Level
a - Sandblast             Erth           100%       2d20      1%          1
b - Stone Arrow           Conj/Erth      100%       3d13      3%          3
c - Petrify               Tmut/Erth      67%        N/A       2%          4
d - Statue Form           Tmut/Erth      44%        N/A       36%         6
e - Manifold Assault      Tloc           25%        N/A       52%         4

Your spell library contained the following spells:

 Spells                   Type           Power      Damage    Failure   Level
 Passwall                 Tmut/Erth      55%        N/A       1%          2
 Apportation              Tloc           50%        N/A       6%          1
 Magic Dart               Conj           68%        1d6       11%         1
 Shock                    Conj/Air       64%        1d7       12%         1
 Ignite Poison            Fire/Tmut/Pois 33%        N/A       12%         3
 Necrotise                Necr           56%        1d6       13%         1
 Summon Small Mammal      Summ           56%        N/A       13%         1
 Static Discharge         Conj/Air       32%        2-4/arc   17%         2
 Call Imp                 Summ           28%        N/A       19%         2
 Cigotuvi's Dreadful Rot  Necr/Pois/Air  28%        N/A       19%         2
 Mephitic Cloud           Conj/Pois/Air  15%        N/A       34%         3
 Swiftness                Air            14%        N/A       36%         3
 Airstrike                Air            7%         2d(1-17)  77%         4
 Summon Lightning Spire   Summ/Air       14%        N/A       77%         4
 Freezing Cloud           Conj/Ice/Air   7%         6-21      97%         5
 Metabolic Englaciation   Hex/Ice        7%         N/A       98%         5
 Dispersal                Tloc           12%        N/A       100%        6
 Disjunction              Tloc           12%        N/A       100%        8


Dungeon Overview and Level Annotations

Branches:
Dungeon (13/15)            Temple (1/1) D:7            Lair (5/5) D:8
  Swamp (0/4) Lair:2        Snake (0/4) Lair:2        Slime (0/5) Lair:4
    Orc (2/2) D:11         Vaults (0/5) D:13          IceCv (visited)
    Elf: Orc:2

Shops:
D:8 *   D:11 ?:*[   D:12 =*   D:13 !(?[=

Portals:
Trove: D:13 (give +7 demon blade)

Annotations:
D:12 3 runed translucent doors, bahustanut's ghost, journeyman DsFi


Innate Abilities, Weirdness & Mutations

You are a living statue of rough stone.
Your actions are slow, but your melee attacks are powerful.
You are resistant to unholy torment.
Your maximum health is greatly increased.
You are immune to poison.
Your equipment is partially melded.
You have an increased reservoir of magic. (+10% MP)
You shall have no god before yourself.
Your divine heritage dramatically boosts your attributes as you level up.


Message History

Something barely misses you.
You closely miss something. You slash the two-headed ogre!
You freeze the two-headed ogre. You slice something!! You freeze something!
The two-headed ogre seems to regain its courage.
You block something's attack.
The two-headed ogre hits you with a +0 giant club!
* * * LOW HITPOINT WARNING * * *
The two-headed ogre closely misses you.
The two-headed ogre mutters, "Of all the rotten luck!"
The two-headed ogre shouts, "No!
I'll never do that again!"
Something hits you but does no damage.
An orc sorcerer comes into view. It is wielding a +0 dagger.
You take 9 damage, and have 18/153 hp.
The orc sorcerer shouts!
You slash something! You freeze something. You slash the two-headed ogre!
You freeze the two-headed ogre. You hit something. You freeze something.
An orc comes into view. It is wielding a +0 dagger.
Something hits you!
* * * LOW HITPOINT WARNING * * *
You block the two-headed ogre's attack. x2
You take 14 damage, and have 4/153 hp.
The orc shouts!
You slice the two-headed ogre!! You freeze the two-headed ogre.
You kill the two-headed ogre!
You hit something. You freeze something. You hit something.
You freeze something.
The two-headed ogre seems to regain its courage.
Something hits you.
* * * LOW HITPOINT WARNING * * *
You hear some strange, mumbled words.
A bolt of magma appears from out of thin air!
The bolt of magma misses you.
You take 2 damage, and have 2/153 hp.
Okay, then.
You slice something!! You freeze something.
The orc wizard shouts!
You hit the orc. You freeze the orc. You slash something! You freeze something.
Reactivating autopickup.
You feel a bit more experienced. The orc misses you. Something hits you!
You die...

############
##........{8#.
.#.........o).......
......)[[...........
.<....)<[...$.......
.......))......o....
...#..o......oO.....
. .$.OO..O..O.....#$
...O........#.....#
.............##


You could see 5 two-headed ogres, an orc sorcerer, an orc wizard (wandering,
unable to see you) and 2 orcs.

Vanquished Creatures
  Nessos (Lair:3)
  An ice dragon (IceCv)
  2 ogre magi
  2 ghost crabs (Lair:2)
  4 hydras
  3 catoblepae
  14 two-headed ogres
  A centaur warrior (D:13)
  An alligator (Lair:5)
  3 boulder beetles
  A tengu warrior (D:13)
  5 death yaks (Lair:5)
  4 skysharks
  A spectral catoblepas (Lair:2)
  An orange crystal statue (Lair:4)
  A deep elf pyromancer (D:12)
  2 necromancers (D:13)
  4 harpies (D:13)
  3 ugly things (D:13)
  An orc sorcerer (D:11)
  3 orc knights
  2 manticores
  An oklob plant (Lair:4)
  2 wolf spiders (Lair:5)
  A cyclops (D:12)
  6 elephants (Lair:5)
  2 torpor snails
  A guardian serpent (Lair:5)
  11 black mambas
  2 ice statues (IceCv)
  14 cane toads
  8 rime drakes
  8 komodo dragons
  A tengu conjurer (D:13)
  5 trolls
  15 polar bears
  2 raiju (Lair:5)
  4 hornets
  6 slime creatures (D:12)
  A shadow (D:10)
  5 wraiths
  A vampire (D:12)
  11 wyverns
  52 yaks
  Eustachio (D:5)
  2 redbacks (Lair:5)
  5 vampire mosquitoes
  2 steam dragons
  3 acid dragons
  7 wargs
  15 hell hounds (Lair:5)
  27 water moccasins
  A spectral yak (Lair:2)
  15 orc warriors
  A sky beast (D:8)
  A spectral polar bear (Lair:2)
  12 black bears
  2 ogres (Orc:1)
  13 wolves (Lair:5)
  7 centaurs
  A phantom (D:5)
  A spectral wyvern (Lair:2)
  A kobold brigand (D:9)
  6 bullfrogs
  2 gnoll sergeants
  4 scorpions
  17 wights
  4 lindwurm simulacra (IceCv)
  6 killer bees (D:7)
  2 electric eels (Lair:2)
  5 howler monkeys
  4 hounds
  8 komodo dragon simulacra (IceCv)
  4 lava snakes (Lair:4)
  A jelly (D:6)
  15 orc priests
  3 gnoll boudas
  4 sleepcaps
  2 iguanas (D:5)
  2 hell rats (Lair:2)
  20 orc wizards
  6 acid dragon simulacra (IceCv)
  23 gnolls
  8 adders
  11 river rats (Lair:2)
  A shadow imp (D:5)
  5 white imps
  3 steam dragon simulacra (IceCv)
  An ufetubus (D:5)
  A worm (D:3)
  4 dart slugs
  46 orcs
  4 bats
  8 endoplasms
  3 giant cockroaches
  3 goblins
  7 hobgoblins
  2 jackals (D:2)
  6 quokkas
  5 ball pythons
  2 frilled lizards
  13 kobolds
  6 rats
613 creatures vanquished.

Vanquished Creatures (others)
  An orc wizard (Orc:2)
1 creature vanquished.

Grand Total: 614 creatures vanquished

Notes
Turn   | Place    | Note
-------+----------+-------------------------------------------
     0 | D:1      | spardeous the Demigod Earth Elementalist began the quest
                  | for the Orb.
     0 | D:1      | Reached XP level 1. HP: 14/14 MP: 5/5
   318 | D:1      | Reached XP level 2. HP: 20/20 MP: 4/7
  1387 | D:2      | Reached XP level 3. HP: 26/26 MP: 5/8
  1839 | D:2      | Reached XP level 4. HP: 33/33 MP: 7/9
  2886 | D:3      | Reached skill level 5 in Earth Magic
  3495 | D:4      | Reached XP level 5. HP: 38/38 MP: 8/11
  3579 | D:4      | Noticed a steam dragon
  3868 | D:5      | Entered Level 5 of the Dungeon
  3908 | D:5      | Noticed an orc warrior
  3958 | D:5      | Reached XP level 6. HP: 43/45 MP: 10/15
  4080 | D:5      | Noticed Eustachio
  4090 | D:5      | Killed Eustachio
  4091 | D:5      | Reached skill level 5 in Spellcasting
  4095 | D:5      | Learned a level 3 spell: Stone Arrow
  4288 | D:5      | Reached XP level 7. HP: 50/50 MP: 15/18
  6223 | D:6      | Noticed a steam dragon
  6228 | D:6      | Killed a steam dragon
  6247 | D:6      | Reached skill level 1 in Fighting
  6249 | D:6      | Reached XP level 8. HP: 57/61 MP: 16/22
  6606 | D:6      | Reached skill level 5 in Fighting
  8172 | D:7      | Reached skill level 1 in Shields
  8266 | D:7      | Identified the ring "Uraishray" {rPois rN+ EV+5}
  8414 | D:7      | Found a staircase to the Ecumenical Temple.
  8433 | D:7      | Reached XP level 9. HP: 61/75 MP: 20/23
  8700 | D:7      | Reached skill level 5 in Shields
  9140 | D:8      | Found Zin's Purification Station.
  9292 | D:8      | Found a staircase to the Lair.
  9335 | D:8      | Identified the +3 quarterstaff "Killer Bee's Foe" {pain,
                  | +Blink rF- rN+}
 10954 | D:9      | Reached XP level 10. HP: 51/84 MP: 16/24
 11639 | D:9      | Reached skill level 1 in Transmutations
 11735 | D:10     | Entered Level 10 of the Dungeon
 12020 | D:10     | Noticed a two-headed ogre
 12030 | D:10     | Killed a two-headed ogre
 13064 | D:11     | Noticed a two-headed ogre
 13080 | D:11     | Killed a two-headed ogre
 13090 | D:11     | Found Ravox's Magic Scroll Shoppe.
 13098 | D:11     | Bought a scroll of enchant armour for 75 gold pieces
 13098 | D:11     | Bought a scroll of identify for 20 gold pieces
 13098 | D:11     | Bought a scroll of identify for 20 gold pieces
 13098 | D:11     | Bought a scroll of blinking for 75 gold pieces
 13098 | D:11     | Bought a scroll of fear for 40 gold pieces
 13098 | D:11     | Bought a scroll of noise for 10 gold pieces
 13098 | D:11     | Bought a scroll of vulnerability for 40 gold pieces
 13098 | D:11     | Identified a scroll of acquirement
 13100 | D:11     | Acquired a +0 helmet of intelligence
 13150 | D:11     | Found Diff's Book Emporium.
 13529 | D:11     | Found a staircase to the Orcish Mines.
 13579 | D:11     | Found Behieg's Assorted Antiques.
 13697 | D:11     | Found Senemim's Antique Armour Shop.
 13761 | D:11     | Noticed a boulder beetle
 14125 | Lair:1   | Entered Level 1 of the Lair of Beasts
 14236 | Lair:1   | Noticed a black mamba
 14241 | Lair:1   | Killed a black mamba
 14242 | Lair:1   | Reached XP level 11. HP: 69/92 MP: 15/26
 14352 | Lair:1   | Learned a level 4 spell: Petrify
 14389 | Lair:1   | Found a frozen archway.
 14395 | IceCv    | Entered an ice cave
 15533 | IceCv    | Noticed an ice dragon
 16004 | IceCv    | Killed an ice dragon
 16501 | Lair:1   | Reached skill level 1 in Polearms
 16605 | Lair:1   | Noticed a boulder beetle
 16649 | Lair:1   | HP: 4/92 [cane toad (15)]
 16655 | Lair:1   | Reached skill level 5 in Polearms
 16889 | Lair:1   | Reached skill level 1 in Armour
 17316 | D:11     | Paralysed by a hornet for 3 turns
 17332 | D:11     | Bought a book of Sloth for 504 gold pieces
 17339 | D:11     | Learned a level 6 spell: Statue Form
 17499 | D:11     | Bought a fuming inky potion for 27 gold pieces
 17978 | Lair:2   | Reached skill level 5 in Transmutations
 18248 | Lair:2   | Noticed a skyshark
 18565 | Lair:2   | Killed a skyshark
 18735 | Lair:2   | Reached XP level 12. HP: 73/100 MP: 20/29
 18899 | Lair:2   | You fall into a shaft and drop 2 floors!
 19211 | Lair:3   | Identified the +8 war axe of the Unliving {freeze, rPois
                  | Dex+4}
 19386 | Lair:3   | Identified the +8 chain mail "Ilirets" {+Inv rF+ rC-}
 19561 | Lair:3   | Noticed Nessos
 19586 | Lair:3   | Killed Nessos
 19998 | Lair:2   | Found a staircase to the Snake Pit.
 20033 | Lair:2   | Reached skill level 10 in Earth Magic
 20175 | Lair:2   | Found a staircase to the Swamp.
 20175 | Lair:2   | Noticed a ghost crab
 20175 | Lair:2   | Noticed a ghost crab
 20189 | Lair:2   | Killed a ghost crab
 20639 | Lair:2   | Killed a ghost crab
 21014 | Lair:4   | Noticed a five-headed hydra
 21030 | Lair:4   | Killed a five-headed hydra
 21248 | Lair:4   | Noticed a catoblepas
 21262 | Lair:4   | Killed a catoblepas
 21338 | Lair:4   | Identified the +9 falchion of Dung {heavy, rPois rN+ Int+2}
 21409 | Lair:4   | Found a staircase to the Slime Pits.
 21613 | Lair:4   | Noticed a boulder beetle
 21633 | Lair:4   | Killed a boulder beetle
 22286 | Lair:5   | Entered Level 5 of the Lair of Beasts
 22286 | Lair:5   | Noticed a five-headed hydra
 22295 | Lair:5   | Killed an eight-headed hydra
 22412 | Lair:5   | Noticed a five-headed hydra
 22438 | Lair:5   | Killed a six-headed hydra
 22439 | Lair:5   | Reached skill level 10 in Polearms
 22442 | Lair:5   | Reached XP level 13. HP: 54/105 MP: 3/30
 23160 | Lair:5   | Reached skill level 1 in Axes
 23740 | Lair:5   | Reached skill level 5 in Axes
 24336 | Lair:5   | Reached XP level 14. HP: 88/118 MP: 10/31
 24810 | Lair:5   | Identified the +0 pair of gloves "Honoami" {rElec rC-
                  | Int+7}
 25083 | Lair:5   | Learned a level 4 spell: Manifold Assault
 25413 | Temple   | Entered the Ecumenical Temple
 26883 | D:11     | Bought a runed scarf for 184 gold pieces
 26921 | D:12     | Found Qafimeur's Jewellery Boutique.
 27016 | D:12     | Found Ceowk's Assorted Antiques.
 27220 | D:12     | Found a runed translucent gate.
 27259 | D:12     | Found a runed translucent gate.
 27259 | D:12     | Found a runed translucent gate.
 27263 | D:12     | Noticed bahustanut's ghost (journeyman DsFi)
 27400 | D:12     | Reached skill level 10 in Shields
 27831 | D:13     | Found Nutsiumi's Magic Scroll Boutique.
 28150 | D:13     | Found Puhoyt Wourph's Armour Shop.
 28193 | D:13     | Found Rokaolug's Jewellery Boutique.
 28273 | D:13     | Found a gate to the Vaults.
 28567 | D:13     | Found Xerutohea's Antique Weapon Shop.
 28581 | D:13     | Found Fyvir's Distillery.
 28871 | D:13     | Found a portal to a secret trove of treasure.
 28898 | D:13     | Bought a scroll of identify for 32 gold pieces
 28898 | D:13     | Bought a scroll of identify for 32 gold pieces
 29321 | D:12     | Bought a scroll of identify for 62 gold pieces
 29362 | Orc:1    | Entered Level 1 of the Orcish Mines
 29378 | D:11     | Reached skill level 1 in Translocations
 30037 | Orc:2    | Entered Level 2 of the Orcish Mines
 30379 | Orc:2    | Paralysed by something for 4 turns
 30389 | Orc:2    | HP: 4/153 [orc priest/divine providence (12)]
 30395 | Orc:2    | HP: 4/153 [something (15)]
 30397 | Orc:2    | Mangled by an ogre mage

Illustrated notes

Levels and vault maps discovered:
D:1:      tarquinn_simple_flora_water_c, layout_loops_corners,
          shapermc_ecumenical_altar_petra
D:2:      minmay_recursive_quarters, layout_basic
D:3:      wad_woods_pond, layout_basic, mainiacjoe_overflow_small_starburst,
          nzn_wu_jian_contemplation
D:4:      layout_rooms, lightli_corner_chamber
D:5:      layout_basic, kiku_gazebo_pond_becter,
          grunt_dithmenos_smoke_and_mirrors, serial_bayou, serial_bayou_pond_d,
          serial_bayou_shore_a, serial_bayou_lagoon_a, serial_bayou_lake_a,
          minmay_manual_maat, uniq_eustachio
D:6:      kennysheep_six_static_rooms, layout_basic,
          lemuel_coloured_pillars_altar, serial_rivers,
          chequers_serial_rivers_room_b, chequers_serial_rivers_micro_a,
          chequers_serial_rivers_micro_c, chequers_serial_rivers_small_a,
          chequers_serial_rivers_micro_c, minmay_misc_feat_enclosed,
          kennysheep_generic_room_12
D:7:      layout_basic, minmay_temple_entry_large_hall
D:8:      layout_layer_cave, zin_purify, erik_lair_orcish_takeover
D:9:      layout_basic, fedhas_altar_1
D:10:     layout_grid_maze, mainiacjoe_overflow_catwalk, elyvilon_altar_4
D:11:     layout_loops_ring, minmay_orc_entry_temple_small,
          gauntlet_entry_generic, serial_shops,
          nicolae_shop_tiny_real_fake_doors, shop,
          nicolae_shop_temple_entry_statues_fountains, kennysheep_mini
D:12:     layout_roguey, gammafunk_ghost_necromancy, serial_shops, shop, shop,
          drop_trap
D:13:     layout_loops_ring, david_vaults_1, nicolae_trove_entry_crystal,
          serial_shops, nicolae_shop_peninsula, nicolae_shop_waterfront, shop,
          nicolae_shop_tiny_real_fake_doors, shop
Temple:   cyrus_circular_temple
Lair:1:   layout_concentric_octagons, portal_ice_cave_entry_pillars_2,
          minivault_26, infiniplex_staircase_pool, grunt_megastairs_2
Lair:2:   layout_misc_corridors, nicolae_swamp_entry_spooky, dummy_snake_entry,
          serial_bayou, serial_bayou_lagoon_b, serial_bayou_shore_b,
          serial_bayou_pond_c, serial_bayou_pond_c, serial_bayou_pond_b,
          kennysheep_rathole
Lair:3:   layout_concentric_octagons, grunt_megastairs_5, lemuel_fruit_fields,
          uniq_nessos
Lair:4:   layout_loops_ring, minmay_slime_entry_oklob_enclosed, disabler_island
Lair:5:   hangedman_lair_caniforms_friends, layout_cave_pods,
          hangedman_lair_tendril_chambers, lemuel_fruit_fields
Orc:1:    layout_caves, serial_shops, shop, kennysheep_orc_sif_temple
Orc:2:    st_orc_ogre_mass, layout_caves

Skill      XL: |  1  2  3  4  5  6  7  8  9 10 11 12 13 14 |
---------------+-------------------------------------------+-----
Earth Magic    | 3 4 5 8 9 10 | 10.7
Spellcasting   | 2 4 5 7 9 |  9.2
Fighting       | 1 6 7 9 |  9.2
Shields        | 3 8 12 | 12.0
Transmutations | 4 6 8 |  8.6
Polearms       | 5 10 11 12 | 12.8
Armour         | 3 |  3.1
Axes           | 7 |  7.9
Translocations | 1 |  1.7
Dodging        | |  1.7
Stealth        | |  1.7
Conjurations   | |  0.4

Action                     |  1- 3 |  4- 6 |  7- 9 | 10-12 | 13-15 || total
---------------------------+-------+-------+-------+-------+-------++-------
  Melee: Unarmed           |     3 |       |       |       |       ||     3
         Staff             |     1 |     1 |     1 |    22 |       ||    25
         War axe           |       |       |       |    77 |   657 ||   734
   Cast: Sandblast         |    59 |    65 |   175 |   313 |       ||   612
         Stone Arrow       |       |       |     2 |   195 |    12 ||   209
         Petrify           |       |       |       |    23 |     2 ||    25
         Statue Form       |       |       |       |    19 |    80 ||    99
  Evoke: Wand              |       |       |       |    19 |       ||    19
    Use: Scroll            |       |       |     7 |    14 |     7 ||    28
         Potion            |       |       |     2 |     6 |     7 ||    15
   Stab: Petrified         |       |       |       |     8 |     9 ||    17
         Petrifying        |       |       |       |     1 |     1 ||     2
         Invisible         |       |       |       |       |     1 ||     1
 Armour: Robe              |     6 |     1 |     1 |       |       ||     8
         Ring mail         |       |     5 |    16 |       |       ||    21
         Leather armour    |       |       |    20 |    62 |    15 ||    97
         Skin              |       |       |       |   271 |   572 ||   843
  Dodge: Dodged            |    13 |    11 |    76 |   479 |   976 ||  1555
  Block: Kite shield       |       |       |    34 |    40 |       ||    74
         Buckler           |       |       |       |   223 |   364 ||   587
         Tower shield      |       |       |       |       |   423 ||   423
         Reflection        |       |       |       |       |     9 ||     9
